 Dungeon Crawl Stone Soup version 0.29.0-4-gdea44cf6ec (webtiles) character file.

Game seed: 8140141166009273725

8317 qw the Brawler (level 11, 0/105 HPs)
             Began as a Troll Cinder Acolyte on Aug 30, 2022.
             Was an Elder of Ignis.
             Succumbed to an orc priest's poison
             ... on level 9 of the Dungeon.
             The game lasted 00:04:10 (7968 turns).

qw the Brawler (Troll Cinder Acolyte)               Turns: 7968, Time: 00:04:10

Health: 0/105      AC: 19    Str: 29    XL:     11   Next: 8%
Magic:  1/11       EV:  9    Int: 14    God:    Ignis [****..]
Gold:   467        SH:  0    Dex:  4    Spells: 12/12 levels left

rFire   + + .      SeeInvis .     - Unarmed
rCold   + . .      Faith    .   (no shield)
rNeg    . . .      Spirit   +   a - +0 robe
rPois   .          Reflect  .   (helmet restricted)
rElec   .          Harm     .   m - +2 cloak of Jigru {Str+2}
rCorr   .          Rampage  .   (gloves unavailable)
Will    .....                   (boots unavailable)
Stlth   +.........              r - amulet of guardian spirit
HPRegen 1.07/turn               d - +4 ring of protection
MPRegen 0.12/turn               t - ring of protection from fire

@: lethally poisoned (0 -> -18), about to teleport, fiery-armoured
A: large, unfitting armour, claws 3, regeneration 1, shaggy fur 2, tough skin 1,
beak, clever 1, cold resistance 1, sense surroundings 1, sturdy frame 1
a: Renounce Religion, Fiery Armour, Foxfire Swarm, Rising Flame


You were on level 9 of the Dungeon.
You worshipped Ignis.
Ignis was greatly pleased with you.
You visited 1 branch of the dungeon, and saw 9 of its levels.

You collected 467 gold pieces.


Innate Abilities, Weirdness & Mutations

You are too large for most types of armour.
You have claws for hands.
Your natural rate of healing is unusually fast.
You are covered in thick fur. (AC +2)
You have tough skin. (AC +1)
You have a beak for a mouth.
Your mind is acute. (Int +4, Str/Dex -1)
Your flesh is cold resistant. (rC+)
You passively map a small area around you.
Your movements are slightly less encumbered by armour. (ER -2)


   Skills:
 - Level 6.0 Fighting
 - Level 2.5 Throwing
 - Level 1.3 Armour
 - Level 1.3 Dodging
 + Level 15.3 Unarmed Combat
 - Level 1.0 Spellcasting
 - Level 2.1 Fire Magic


You had 12 spell levels left.
You didn't know any spells.
Your spell library contained the following spells:

 Spells                   Type           Power      Damage    Failure   Level
 Scorch                   Fire           12%        2d5       16%         2

Inventory:

Missiles
 e - 3 boomerangs (quivered)
Armour
 a - a +0 robe (worn)
 h - a +1 robe of positive energy
 m - the +2 cloak of Jigru (worn) {Str+2}
   (You found it on level 2 of the Dungeon)

   Str:       It affects your strength (+2).
Jewellery
 c - a ring of protection from fire
 d - a +4 ring of protection (left claw)
 g - a ring of willpower
 q - an amulet of regeneration
 r - an amulet of guardian spirit (around neck)
 t - a ring of protection from fire (right claw)
Scrolls
 j - a scroll of identify
 l - a scroll of poison {unknown}
 s - 3 scrolls of teleportation
Potions
 b - 2 potions of curing
 f - 3 potions of haste
 i - a potion of invisibility {unknown}
 k - a potion of cancellation
 o - a potion of resistance
 p - a potion of flight {unknown}
 v - 2 potions of mutation

Dungeon Overview and Level Annotations

Branches:
Dungeon (9/15)             Temple (0/1) D:4
   Lair: D:8-11         Orc: D:9-12

Altars:
Vehumet
Wu Jian
Yredelemnul
Zin

Annotations:
D:5 3 runed translucent doors, qw's ghost, amateur TeWr
D:7 2 transporters
D:9 2 transporters, qw's ghost, novice TeWr


Message History

The warg bites you but does no damage.
The warg is burned by your cloak of flames.
The warg is lightly wounded.
You mangle the warg!!
The warg is severely wounded.
You feel very sick. The warg bites you!
The warg is burned by your cloak of flames.
The warg is almost dead.
You barely miss the warg. Your peck misses the warg.
The warg is almost dead.
You feel very sick. The warg bites you but does no damage.
The warg is burned by your cloak of flames.
The warg is moderately wounded.
The orc priest barely misses you. The warg bites you!
The warg is burned by your cloak of flames.
You kill the warg!
7966 ||| READING 4 scrolls of teleportation.
As you read the scroll of teleportation, it crumbles to dust.
You feel strangely unstable.
You feel very sick. The warg bites you.
The warg is burned by your cloak of flames.
The warg is moderately wounded.
The orc priest calls down the wrath of Beogh upon you.
Pain shoots through your body! The warg completely misses you.
You claw the warg!
The warg is almost dead.
You feel very sick.
The orc priest hits you with a +2 whip of venom.
You are more poisoned.
The orc priest is burned by your cloak of flames.
The orc priest is moderately wounded.
The warg bites you but does no damage.
The warg is burned by your cloak of flames.
You kill the warg!
You claw the orc priest! You peck the orc priest.
You kill the orc priest!
You die... #.# .. #.# . , ##<########, ##. , , , , , ...)....).. ... , , ##.#####.## *#.# , , * ##..####.# #.# , * ..)......####* #)#* * ###^####.....* #)# #W### .### #.###@####.., , ylY..

#...^#...%%%...... ,
YyD#,,.#...##.##.o......
.##..#..y.y.#.##........
..#..^..##Wy#.##........
#...yy#yl.Dy#.##........
..###Y..##y##.##........
.#.llyyY.yY#..##......$.
#. #####.Y##...........
, ,


You could see an orc.

Vanquished Creatures
  Harold (D:9)
  Erolcha (D:9)
  A two-headed ogre (D:9)
  Pikel (D:6)
  2 unseen horror zombies (D:8)
  A troll (D:9)
  Prince Ribbit (D:5)
  A hornet (D:8)
  Grinder (D:5)
  A wraith (D:9)
  Sigmund (D:5)
  7 yaks
  A steam dragon (D:9)
  3 wargs (D:9)
  An acid dragon (D:9)
  A hornet zombie (D:8)
  2 ice beasts
  A sky beast (D:6)
  2 orc warriors
  A black bear (D:6)
  2 centaurs
  An ogre (D:4)
  3 lemures (D:6)
  4 kobold brigands
  A gnoll sergeant (D:8)
  2 necrophages
  A bullfrog (D:7)
  A wyvern zombie (D:8)
  2 scorpions (D:6)
  3 wights (D:6)
  3 howler monkeys
  3 centaur zombies (D:8)
  4 orc priests
  A hound (D:4)
  3 jellies
  3 gnoll boudas
  Terence (D:2)
  5 iguanas
  4 orc wizards
  A howler monkey zombie (D:8)
  Robin (D:2)
  15 gnolls
  10 adders
  A shadow imp (D:6)
  A white imp (D:6)
  2 dart slugs
  29 orcs
  3 bats
  4 endoplasms
  6 giant cockroaches
  18 goblins
  7 hobgoblins
  12 jackals
  18 kobolds
  3 quokkas
  4 ball pythons
  A frilled lizard (D:1)
  10 rats
224 creatures vanquished.

Notes
Turn   | Place    | Note
-------+----------+-------------------------------------------
     0 | D:1      | qw the Troll Cinder Acolyte began the quest for the Orb.
     0 | D:1      | Reached XP level 1. HP: 22/22 MP: 1/1
     0 | D:1      | 0 ||| qw: Version: 0.1-a-95-gae9e614
     0 | D:1      | 0 ||| qw: Game counter: 4442
     0 | D:1      | 0 ||| qw: Always use a shield: true
     0 | D:1      | 0 ||| qw: God list: Okawaru
     0 | D:1      | 0 ||| qw: Allow faded altars: false
     0 | D:1      | 0 ||| qw: Do Orc after D:15 true
     0 | D:1      | 0 ||| qw: Do second Lair branch before Depths: true
     0 | D:1      | 0 ||| qw: Lair rune preference: random
     0 | D:1      | 0 ||| qw: Plans: Normal
     0 | D:1      | 0 ||| PLANNING D:1-11
   102 | D:1      | 102 ||| Stepping ~*~*~tactically~*~*~ (stealth).
   108 | D:1      | 108 ||| Stepping ~*~*~tactically~*~*~ (stealth).
   110 | D:1      | 110 ||| Stepping ~*~*~tactically~*~*~ (hiding).
   350 | D:1      | Reached XP level 2. HP: 29/29 MP: 2/2
   582 | D:1      | Found a faded altar of an unknown god.
   683 | D:1      | 683 ||| Stepping ~*~*~tactically~*~*~ (stealth).
   684 | D:1      | 684 ||| Stepping ~*~*~tactically~*~*~ (stealth).
   698 | D:1      | Reached skill level 4 in Unarmed Combat
   777 | D:1      | 777 ||| UPGRADING to +4 ring of protection.
   778 | D:1      | 778 ||| DRINKING 2 metallic amethyst potions.
  1026 | D:1      | 1026 ||| DROPPING potion of lignification.
  1143 | D:2      | Reached XP level 3. HP: 36/36 MP: 3/3
  1190 | D:2      | Noticed Terence
  1211 | D:2      | Killed Terence
  1243 | D:2      | 1243 ||| Stepping ~*~*~tactically~*~*~ (outnumbered).
  1248 | D:2      | Reached skill level 5 in Unarmed Combat
  1248 | D:2      | Reached XP level 4. HP: 42/44 MP: 4/4
  1339 | D:2      | Noticed Robin
  1340 | D:2      | 1340 ||| Stepping ~*~*~tactically~*~*~ (hiding).
  1346 | D:2      | 1346 ||| Stepping ~*~*~tactically~*~*~ (outnumbered).
  1350 | D:2      | Killed Robin
  1440 | D:2      | Identified the +2 cloak of Jigru {Str+2}
  1544 | D:2      | 1544 ||| Stepping ~*~*~tactically~*~*~ (hiding).
  1785 | D:2      | 1785 ||| UPGRADING to +2 cloak of Jigru {Str+2}.
  1790 | D:2      | 1790 ||| READING scroll labelled UWOOZU CATYTECK.
  1791 | D:2      | 1791 ||| READING 2 scrolls labelled YXKEOCZ ZODGHA.
  1792 | D:2      | 1792 ||| DRINKING 3 coppery potions.
  1792 | D:2      | Gained mutation: You occasionally lose the ability to drink
                  | potions when taking damage. [potion of mutation]
  1792 | D:2      | Gained mutation: Your spells are a little harder to cast,
                  | but a little more powerful. [potion of mutation]
  1792 | D:2      | Gained mutation: Your magical capacity is low. (-10% MP)
                  | [potion of mutation]
  1793 | D:2      | 1793 ||| DRINKING 2 potions of mutation.
  1793 | D:2      | Lost mutation: You occasionally lose the ability to drink
                  | potions when taking damage. [potion of mutation]
  1793 | D:2      | Lost mutation: Your magical capacity is low. (-10% MP)
                  | [potion of mutation]
  1793 | D:2      | Lost mutation: Your spells are a little harder to cast, but
                  | a little more powerful. [potion of mutation]
  1793 | D:2      | Gained mutation: You are frail. (-10% HP) [potion of
                  | mutation]
  1793 | D:2      | Gained mutation: Your body sometimes deteriorates upon
                  | taking damage. [potion of mutation]
  1793 | D:2      | Gained mutation: You are partially covered in iridescent
                  | scales. (AC +2) [potion of mutation]
  1793 | D:2      | Gained mutation: Your flesh is heat resistant. (rF+)
                  | [potion of mutation]
  1794 | D:2      | 1794 ||| DRINKING potion of mutation.
  1794 | D:2      | Lost mutation: Your body sometimes deteriorates upon taking
                  | damage. [potion of mutation]
  1794 | D:2      | Lost mutation: Your flesh is heat resistant. (rF+) [potion
                  | of mutation]
  1794 | D:2      | Gained mutation: You passively map a small area around you.
                  | [potion of mutation]
  1794 | D:2      | Gained mutation: You are covered in thick fur. (AC +2)
                  | [potion of mutation]
  1794 | D:2      | Gained mutation: Your mind is acute. (Int +4, Str/Dex -1)
                  | [potion of mutation]
  1805 | D:2      | 1805 ||| DRINKING 2 amethyst potions.
  1806 | D:2      | 1806 ||| DROPPING potion of magic.
  1807 | D:2      | 1807 ||| DROPPING scroll of amnesia.
  1894 | D:3      | 1894 ||| Stepping ~*~*~tactically~*~*~ (stealth).
  1902 | D:3      | 1902 ||| Stepping ~*~*~tactically~*~*~ (hiding).
  1912 | D:3      | Reached XP level 5. HP: 45/45 MP: 5/5
  1949 | D:3      | 1949 ||| Stepping ~*~*~tactically~*~*~ (hiding).
  1956 | D:3      | Reached skill level 6 in Unarmed Combat
  2000 | D:3      | 2000 ||| Stepping ~*~*~tactically~*~*~ (stealth).
  2009 | D:3      | 2009 ||| Stepping ~*~*~tactically~*~*~ (stealth).
  2146 | D:3      | 2146 ||| Stepping ~*~*~tactically~*~*~ (stealth).
  2152 | D:3      | 2152 ||| Stepping ~*~*~tactically~*~*~ (stealth).
  2418 | D:3      | 2418 ||| UPGRADING to amulet of guardian spirit.
  2423 | D:3      | 2423 ||| UPGRADING to ring of willpower.
  2424 | D:3      | 2424 ||| READING scroll labelled AHADUNLO PUOF.
  2425 | D:3      | 2425 ||| READING scroll labelled XEETELAKYZ.
  2526 | D:3      | 2526 ||| READING scroll labelled FICA LODIU.
  2526 | D:3      | Identified a scroll of acquirement
  2526 | D:3      | 2526 ||| ACQUIRING amulet "Duth" {RegenMP Rampage rN+}
  2526 | D:3      | Acquired the amulet "Duth" {RegenMP Rampage rN+}
  2528 | D:3      | 2528 ||| READING scroll labelled ISHRAAK MUYFF.
  2529 | D:3      | 2529 ||| DRINKING 2 orange potions.
  2709 | D:4      | Found a staircase to the Ecumenical Temple.
  2713 | D:4      | 2713 ||| Stepping ~*~*~tactically~*~*~ (stealth).
  2752 | D:4      | 2752 ||| Stepping ~*~*~tactically~*~*~ (hiding).
  2870 | D:4      | 2870 ||| Stepping ~*~*~tactically~*~*~ (stealth).
  2871 | D:4      | 2871 ||| Stepping ~*~*~tactically~*~*~ (stealth).
  2887 | D:4      | 2887 ||| Stepping ~*~*~tactically~*~*~ (stealth).
  2889 | D:4      | 2889 ||| Stepping ~*~*~tactically~*~*~ (stealth).
  2890 | D:4      | 2890 ||| Stepping ~*~*~tactically~*~*~ (stealth).
  2935 | D:4      | Reached XP level 6. HP: 53/53 MP: 6/6
  2985 | D:4      | 2985 ||| DRINKING potion of mutation.
  2985 | D:4      | Lost mutation: You are partially covered in iridescent
                  | scales. (AC +2) [potion of mutation]
  2985 | D:4      | Lost mutation: You are frail. (-10% HP) [potion of
                  | mutation]
  2985 | D:4      | Gained mutation: Your movements are slightly less
                  | encumbered by armour. (ER -2) [potion of mutation]
  2985 | D:4      | Gained mutation: Your flesh is cold resistant. (rC+)
                  | [potion of mutation]
  2985 | D:4      | Gained mutation: You have a beak for a mouth. [potion of
                  | mutation]
  3393 | D:4      | Reached skill level 7 in Unarmed Combat
  3403 | D:4      | 3403 ||| DROPPING amulet "Duth" {RegenMP Rampage rN+}.
  3404 | D:4      | 3404 ||| UPGRADING to ring of protection from fire.
  3406 | D:4      | 3406 ||| DROPPING +6 ring of intelligence.
  3407 | D:4      | 3407 ||| READING 4 scrolls labelled AWIKYMMUTEOT.
  3410 | D:4      | 3410 ||| READING scroll labelled HICOLALLOU.
  3411 | D:4      | 3411 ||| READING scroll labelled GYIZEE VIWK.
  3412 | D:4      | 3412 ||| DRINKING 2 cyan potions.
  3434 | D:5      | Entered Level 5 of the Dungeon
  3437 | D:5      | 3437 ||| STAIRDANCE
  3466 | D:5      | 3466 ||| STAIRDANCE
  3472 | D:5      | 3472 ||| STAIRDANCE
  3499 | D:5      | 3499 ||| Stepping ~*~*~tactically~*~*~ (hiding).
  3502 | D:5      | 3502 ||| INVOKING Fiery Armour.
  3507 | D:5      | 3507 ||| Stepping ~*~*~tactically~*~*~ (outnumbered).
  3508 | D:5      | 3508 ||| Stepping ~*~*~tactically~*~*~ (outnumbered).
  3512 | D:5      | Reached skill level 8 in Unarmed Combat
  3518 | D:5      | Reached XP level 7. HP: 60/66 MP: 5/7
  3638 | D:5      | 3638 ||| Stepping ~*~*~tactically~*~*~ (hiding).
  3639 | D:5      | 3639 ||| Stepping ~*~*~tactically~*~*~ (hiding).
  3646 | D:5      | Reached skill level 3 in Fighting
  3667 | D:5      | Noticed Prince Ribbit
  3680 | D:5      | 3680 ||| FLEEEEING.
  3681 | D:5      | 3681 ||| FLEEEEING.
  3682 | D:5      | 3682 ||| STAIRDANCE
  3715 | D:5      | Killed Prince Ribbit
  3744 | D:5      | Noticed Grinder
  3745 | D:5      | 3745 ||| Stepping ~*~*~tactically~*~*~ (hiding).
  3755 | D:5      | Paralysed by Grinder for 5 turns
  3761 | D:5      | Killed Grinder
  3762 | D:5      | Reached skill level 9 in Unarmed Combat
  3762 | D:5      | Reached XP level 8. HP: 75/75 MP: 6/8
  3907 | D:5      | Noticed Sigmund
  3908 | D:5      | 3908 ||| Stepping ~*~*~tactically~*~*~ (hiding).
  3915 | D:5      | Killed Sigmund
  4059 | D:5      | Found a runed translucent gate.
  4059 | D:5      | Noticed qw's ghost (amateur TeWr)
  4060 | D:5      | Found a runed translucent gate.
  4060 | D:5      | Identified the +1 scale mail of Action {rC+ Regen+ Int+7
                  | Dex-4}
  4061 | D:5      | Found a runed translucent gate.
  4507 | D:5      | 4507 ||| READING 2 scrolls of identify.
  4507 | D:5      | 4507 ||| IDENTIFYING grey potion
  4651 | D:6      | Found an ornate altar of the Wu Jian Council.
  4652 | D:6      | 4652 ||| Stepping ~*~*~tactically~*~*~ (stealth).
  4654 | D:6      | 4654 ||| Stepping ~*~*~tactically~*~*~ (stealth).
  4685 | D:6      | Reached skill level 10 in Unarmed Combat
  4742 | D:6      | 4742 ||| Stepping ~*~*~tactically~*~*~ (outnumbered).
  4743 | D:6      | 4743 ||| Stepping ~*~*~tactically~*~*~ (outnumbered).
  4744 | D:6      | 4744 ||| Stepping ~*~*~tactically~*~*~ (outnumbered).
  4822 | D:6      | 4822 ||| Stepping ~*~*~tactically~*~*~ (hiding).
  4823 | D:6      | 4823 ||| Stepping ~*~*~tactically~*~*~ (hiding).
  4826 | D:6      | 4826 ||| Stepping ~*~*~tactically~*~*~ (hiding).
  4898 | D:6      | Noticed Pikel
  4899 | D:6      | 4899 ||| Stepping ~*~*~tactically~*~*~ (stealth).
  4900 | D:6      | 4900 ||| Stepping ~*~*~tactically~*~*~ (stealth).
  4903 | D:6      | 4903 ||| Stepping ~*~*~tactically~*~*~ (outnumbered).
  4908 | D:6      | 4908 ||| Stepping ~*~*~tactically~*~*~ (stealth).
  4910 | D:6      | 4910 ||| Stepping ~*~*~tactically~*~*~ (stealth).
  4912 | D:6      | 4912 ||| Stepping ~*~*~tactically~*~*~ (stealth).
  4930 | D:6      | Killed Pikel
  4931 | D:6      | Reached skill level 11 in Unarmed Combat
  4931 | D:6      | Reached XP level 9. HP: 83/84 MP: 6/9
  4944 | D:6      | Reached skill level 1 in Dodging
  5106 | D:6      | Found a glowing silver altar of Zin.
  5216 | D:6      | 5216 ||| DRINKING 2 glowing sapphire potions.
  5217 | D:6      | 5217 ||| DROPPING potion of brilliance.
  5258 | D:7      | Found a transporter.
  5302 | D:7      | 5302 ||| Stepping ~*~*~tactically~*~*~ (outnumbered).
  5304 | D:7      | 5304 ||| Stepping ~*~*~tactically~*~*~ (outnumbered).
  5305 | D:7      | 5305 ||| Stepping ~*~*~tactically~*~*~ (outnumbered).
  5330 | D:7      | 5330 ||| Stepping ~*~*~tactically~*~*~ (stealth).
  5520 | D:7      | 5520 ||| FLEEEEING.
  5521 | D:7      | 5521 ||| FLEEEEING.
  5524 | D:7      | 5524 ||| FLEEEEING.
  5525 | D:7      | 5525 ||| FLEEEEING.
  5528 | D:7      | 5528 ||| FLEEEEING.
  5529 | D:7      | 5529 ||| FLEEEEING.
  5532 | D:7      | 5532 ||| FLEEEEING.
  5533 | D:7      | 5533 ||| FLEEEEING.
  5534 | D:7      | 5534 ||| FLEEEEING.
  5537 | D:7      | 5537 ||| FLEEEEING.
  5538 | D:7      | 5538 ||| FLEEEEING.
  5539 | D:7      | 5539 ||| FLEEEEING.
  5540 | D:7      | 5540 ||| FLEEEEING.
  5541 | D:7      | 5541 ||| FLEEEEING.
  5542 | D:7      | 5542 ||| FLEEEEING.
  5543 | D:7      | 5543 ||| FLEEEEING.
  5544 | D:7      | 5544 ||| FLEEEEING.
  5545 | D:7      | 5545 ||| FLEEEEING.
  5548 | D:7      | 5548 ||| FLEEEEING.
  5552 | D:7      | 5552 ||| FLEEEEING.
  5553 | D:7      | 5553 ||| FLEEEEING.
  5554 | D:7      | 5554 ||| FLEEEEING.
  5562 | D:7      | Reached skill level 12 in Unarmed Combat
  5574 | D:7      | 5574 ||| Stepping ~*~*~tactically~*~*~ (stealth).
  5628 | D:7      | 5628 ||| Stepping ~*~*~tactically~*~*~ (stealth).
  5629 | D:7      | 5629 ||| Stepping ~*~*~tactically~*~*~ (stealth).
  5640 | D:7      | 5640 ||| FLEEEEING.
  5641 | D:7      | 5641 ||| FLEEEEING.
  5642 | D:7      | 5642 ||| FLEEEEING.
  5643 | D:7      | 5643 ||| FLEEEEING.
  5644 | D:7      | 5644 ||| FLEEEEING.
  5645 | D:7      | 5645 ||| FLEEEEING.
  5646 | D:7      | 5646 ||| FLEEEEING.
  5647 | D:7      | 5647 ||| FLEEEEING.
  5685 | D:7      | Found a transporter.
  5765 | D:7      | 5765 ||| Stepping ~*~*~tactically~*~*~ (stealth).
  5768 | D:7      | 5768 ||| Stepping ~*~*~tactically~*~*~ (stealth).
  5770 | D:7      | 5770 ||| Stepping ~*~*~tactically~*~*~ (stealth).
  6077 | D:7      | 6077 ||| DRINKING 2 inky potions.
  6078 | D:7      | 6078 ||| READING 2 scrolls of identify.
  6078 | D:7      | 6078 ||| IDENTIFYING fizzy clear potion
  6079 | D:7      | 6079 ||| DROPPING potion of berserk rage.
  6080 | D:7      | 6080 ||| DROPPING potion of degeneration.
  6380 | D:8      | 6380 ||| Stepping ~*~*~tactically~*~*~ (hiding).
  6381 | D:8      | 6381 ||| Stepping ~*~*~tactically~*~*~ (hiding).
  6607 | D:8      | 6607 ||| Stepping ~*~*~tactically~*~*~ (stealth).
  6609 | D:8      | 6609 ||| Stepping ~*~*~tactically~*~*~ (stealth).
  6611 | D:8      | 6611 ||| Stepping ~*~*~tactically~*~*~ (stealth).
  6613 | D:8      | Found a basalt altar of Yredelemnul.
  6625 | D:8      | Reached skill level 13 in Unarmed Combat
  6725 | D:8      | Paralysed by a hornet for 2 turns
  6735 | D:8      | Reached skill level 1 in Armour
  6735 | D:8      | Reached XP level 10. HP: 70/96 MP: 7/10
  6782 | D:8      | 6782 ||| Stepping ~*~*~tactically~*~*~ (stealth).
  6783 | D:8      | 6783 ||| READING scroll labelled GIVUMO ZIECAM.
  6864 | D:8      | 6864 ||| READING 5 scrolls of teleportation.
  7048 | D:8      | 7048 ||| Stepping ~*~*~tactically~*~*~ (stealth).
  7055 | D:8      | 7055 ||| INVOKING Fiery Armour.
  7058 | D:8      | 7058 ||| Stepping ~*~*~tactically~*~*~ (outnumbered).
  7063 | D:8      | 7063 ||| Stepping ~*~*~tactically~*~*~ (outnumbered).
  7064 | D:8      | 7064 ||| Stepping ~*~*~tactically~*~*~ (outnumbered).
  7079 | D:8      | 7079 ||| Stepping ~*~*~tactically~*~*~ (outnumbered).
  7414 | D:8      | 7414 ||| READING scroll labelled JUXAJ QIUV.
  7475 | D:9      | Found a transporter.
  7486 | D:9      | Noticed qw's ghost (novice TeWr)
  7495 | D:9      | Noticed an ice dragon
  7502 | D:9      | 7502 ||| Stepping ~*~*~tactically~*~*~ (stealth).
  7524 | D:9      | Noticed Erolcha
  7525 | D:9      | 7525 ||| INVOKING Fiery Armour.
  7540 | D:9      | Killed Erolcha
  7541 | D:9      | Reached skill level 14 in Unarmed Combat
  7542 | D:9      | 7542 ||| FLEEEEING.
  7543 | D:9      | 7543 ||| FLEEEEING.
  7544 | D:9      | 7544 ||| FLEEEEING.
  7550 | D:9      | Noticed a moth of wrath
  7625 | D:9      | Noticed Harold
  7629 | D:9      | 7629 ||| FLEEEEING.
  7630 | D:9      | 7630 ||| FLEEEEING.
  7631 | D:9      | 7631 ||| FLEEEEING.
  7632 | D:9      | 7632 ||| FLEEEEING.
  7635 | D:9      | 7635 ||| Stepping ~*~*~tactically~*~*~ (outnumbered).
  7636 | D:9      | 7636 ||| Stepping ~*~*~tactically~*~*~ (outnumbered).
  7640 | D:9      | 7640 ||| Stepping ~*~*~tactically~*~*~ (outnumbered).
  7643 | D:9      | Reached skill level 6 in Fighting
  7654 | D:9      | Killed Harold
  7867 | D:9      | Found a radiant altar of Vehumet.
  7933 | D:9      | Found a transporter.
  7941 | D:9      | Noticed a two-headed ogre
  7943 | D:9      | Killed a two-headed ogre
  7944 | D:9      | Reached skill level 15 in Unarmed Combat
  7944 | D:9      | Reached XP level 11. HP: 105/105 MP: 11/11
  7946 | D:9      | 7946 ||| Stepping ~*~*~tactically~*~*~ (stealth).
  7947 | D:9      | 7947 ||| Stepping ~*~*~tactically~*~*~ (stealth).
  7963 | D:9      | 7963 ||| INVOKING Fiery Armour.
  7965 | D:9      | HP: 20/105 [warg (11)]
  7966 | D:9      | 7966 ||| READING 4 scrolls of teleportation.
  7967 | D:9      | HP: 8/105 [poisoned by an orc priest]
  7967 | D:9      | HP: 3/105 [orc priest/+2 whip of venom (5)]
  7968 | D:9      | Succumbed to an orc priest's poison

Levels and vault maps discovered:
D:1:      ncdulo_wetmaze, layout_rooms, nicolae_ecumenical_lake_church,
          serial_co_window_serial, co_window_paths_a, co_window_cross_1,
          co_window_paths_b, co_window_corner_a, co_window_of_opportunity_a,
          co_window_corner_a, co_window_2corner, co_window_unsneaky_path_a,
          co_window_cross_4, co_window_unsneaky_path_c, co_window_corner_b,
          co_window_unsneaky_path_e
D:2:      layout_basic, uniq_robin, uniq_terence
D:3:      kennysheep_goblin_castle, layout_basic
D:4:      layout_basic, minmay_temple_entry_poolview, minmay_starry_boxes
D:5:      layout_loops_cross, biasface_ghost_orc_armoury,
          grunt_decor_resistance, nrook_uturn, uniq_prince_ribbit1,
          uniq_grinder, uniq_sigmund
D:6:      layout_cave_pools, nicolae_wu_jian_wuxing_cycle, zin_scriptorium,
          uniq_pikel
D:7:      gammafunk_cloud_chamber, layout_basic
D:8:      layout_loops_corners, nicolae_yredelemnul_corpse_copse,
          serial_co_window_serial, co_window_paths_b,
          co_window_of_opportunity_a, co_window_paths_b, co_window_corner_a,
          co_window_corner_a, co_window_of_opportunity_b,
          co_window_unsneaky_path_b, co_window_corner_b, co_window_paths_d,
          co_window_4corner_b, glass_columns_b, glass_columns_a,
          glass_columns_a, glass_columns_a
D:9:      layout_small_grid, nicolae_vehumet_altar_sigil, minitemple,
          erik_lair_orcish_takeover, gammafunk_ghost_berserking_beasts,
          uniq_harold, uniq_erolcha

Skill      XL: |  1  2  3  4  5  6  7  8  9 10 |
---------------+-------------------------------+-----
Unarmed Combat | 4 5 6 8 9 11 13 15 | 15.3
Fighting       | 3 4 5 6 |  6.0
Throwing       | 2 |  2.5
Dodging        | 1 |  1.3
Armour         | 1 |  1.3
Spellcasting   | |  1.0
Fire Magic     | |  2.1

Action                   |  1- 3 |  4- 6 |  7- 9 | 10-12 || total
-------------------------+-------+-------+-------+-------++-------
Melee: Unarmed           |    79 |   150 |   195 |   123 ||   547
       Punch             |       |     1 |     7 |     6 ||    14
       Peck              |       |     4 |    22 |    24 ||    50
Throw: Boomerang         |    24 |    50 |    65 |    12 ||   151
Invok: Fiery Armour      |       |     1 |       |     3 ||     4
  Use: Potion            |     1 |     7 |     2 |       ||    10
       Scroll            |       |     9 |     2 |     4 ||    15
Armor: Robe              |    24 |    70 |    84 |    54 ||   232
Dodge: Dodged            |    28 |    58 |    75 |    40 ||   201

Table legend:
 A = Non-vault XP
 B = Vault XP
 C = Vault XP percentage of total XP
 D = Non-vault monster count
 E = Vault monster count
 F = Vault count percentage of total count
                 A         B        C        D         E       F
            +---------+---------+-------+---------+---------+-------
      Total |    6993 |    4933 |  41.4 |     177 |      44 |  19.9
            +---------+---------+-------+---------+---------+-------
        D:1 |      34 |       0 |   0.0 |      19 |       0 |   0.0
        D:2 |      52 |      62 |  54.4 |      17 |       8 |  32.0
        D:3 |      90 |      24 |  21.1 |      14 |      12 |  46.2
        D:4 |     335 |      41 |  10.9 |      25 |       4 |  13.8
        D:5 |     402 |     750 |  65.1 |      10 |       3 |  23.1
        D:6 |    1123 |     629 |  35.9 |      21 |       1 |   4.5
        D:7 |     580 |       0 |   0.0 |      28 |       0 |   0.0
        D:8 |    1589 |    1097 |  40.8 |      26 |       8 |  23.5
        D:9 |    2788 |    2330 |  45.5 |      17 |       8 |  32.0
            +---------+---------+-------+---------+---------+-------
